 Dungeon Crawl Stone Soup version 0.28.0-45-g0d030f2227 (webtiles) character file.

Game seed: 18357171110805168393

1912 protoss039 the Skirmisher (level 9, -2/56 HPs)
             Began as a Gargoyle Gladiator on Apr 11, 2022.
             Was a Believer of Okawaru.
             Slain by a gargoyle
             ... wielding a +0 mace
              (10 damage)
             ... on level 6 of the Dungeon.
             The game lasted 00:15:18 (6534 turns).

protoss039 the Skirmisher (Gargoyle Gladiator)      Turns: 6534, Time: 00:15:19

Health: -2/56      AC: 13    Str: 19    XL:     9   Next: 16%
Magic:  11/12      EV: 14    Int:  9    God:    Okawaru [**....]
Gold:   363        SH:  0    Dex: 11    Spells: 8/8 levels left

rFire   . . .      SeeInvis .   j - +0 flail (holy)
rCold   + . .      Faith    .   (no shield)
rNeg    + . .      Spirit   .   d - +0 leather armour "Ypubisur" {+Inv rC+ Regen+ Str-3}
rPois   ∞          Reflect  .   c - +0 helmet
rElec   +          Harm     .   q - +0 cloak {Stlth+}
rCorr   .          Rampage  .   (no gloves)
Will    .....                   (no boots)
Stlth   +++.......              m - amulet of the acrobat
HPRegen 0.98/turn               (no ring)
MPRegen 0.13/turn               (no ring)

@: about to teleport, heroic
A: sickness immunity, AC +6, negative energy resistance 1, electricity
resistance, torment resistance 1, petrification resistance
a: Renounce Religion, Evoke Invisibility, Heroism


You were on level 6 of the Dungeon.
You worshipped Okawaru.
Okawaru was pleased with you.
You visited 1 branch of the dungeon, and saw 6 of its levels.

You collected 363 gold pieces.

Inventory:

Hand Weapons
 i - a +1 vorpal spear
 j - a +0 flail of holy wrath (weapon)
Armour
 c - a +0 helmet (worn)
 d - the +0 leather armour "Ypubisur" (worn) {+Inv rC+ Regen+ Str-3}
   (You found it on level 4 of the Dungeon)

   Str:       It affects your strength (-3).
   rC:        It protects you from cold.
   +Inv:      It lets you turn invisible.
   Regen:     It increases your rate of health regeneration.
 q - a +0 cloak of stealth (worn)
Jewellery
 m - an amulet of the acrobat (around neck)
Scrolls
 b - a scroll of silence {unknown}
 e - a scroll of identify
 g - a scroll of fog
 h - a scroll of enchant armour
 n - a scroll of immolation {unknown}
 o - a scroll of fear {unknown}
 p - 2 scrolls of blinking {unknown}
 r - a scroll of vulnerability {unknown}
 t - a scroll of magic mapping {unknown}
 v - a scroll of teleportation
Potions
 a - 2 potions of lignification {unknown}
 f - 3 potions of brilliance
 k - a potion of curing
 l - 2 potions of attraction
 s - a potion of resistance {unknown}
 u - a potion of might {unknown}
 w - 2 potions of haste {unknown}


   Skills:
 + Level 6.9(11.9) Fighting
 + Level 6.7(11.7) Maces & Flails
 - Level 2.1(7.1) Throwing
 + Level 6.1(11.1) Armour
 - Level 3.0(8.0) Dodging
 * Level 5.0 Invocations


You had 8 spell levels left.
You didn't know any spells.
Your spell library contained the following spells:

 Spells                   Type           Power      Damage    Failure   Level
 Portal Projectile        Hex/Tloc       0%         N/A       80%         3
 Stone Arrow              Conj/Erth      0%         3d7       80%         3
 Leda's Liquefaction      Hex/Erth       0%         N/A       99%         4
 Lehudib's Crystal Spear  Conj/Erth      0%         10d2      100%        8
 Call Canine Familiar     Summ           Unusable   N/A       N/A         3
 Animate Armour           Summ/Erth      Unusable   N/A       N/A         4

Dungeon Overview and Level Annotations

Branches:
Dungeon (6/15)
 Temple: D:4-7

Altars:
Ashenzari
Elyvilon
Fedhas
Okawaru

Shops:
D:1 [


Innate Abilities, Weirdness & Mutations

You are immune to sickness and miasma.
Your stone body is resilient. (AC +6)
You are immune to poison.
You resist negative energy. (rN+)
You are resistant to electric shocks. (rElec)
You are resistant to unholy torment.
You are immune to petrification.


Message History

The gargoyle hits you with a +0 mace!
* * * LOW HITPOINT WARNING * * *
Unknown command.
You hit the gargoyle but do no damage.
The gargoyle is moderately damaged.
Unknown command.
You feel better. The gargoyle misses you. The white imp spits at you.
Unknown command.
Unknown command.
You hit the gargoyle but do no damage.
The gargoyle is moderately damaged.
The gargoyle hurls a stone arrow at you.
The stone arrow misses you.
Unknown command.
You closely miss the gargoyle. Your punch misses the gargoyle.
The gargoyle is moderately damaged.
The gargoyle hits you with a +0 mace!
* * * LOW HITPOINT WARNING * * *
Unknown command.
Unknown command.
You feel better. The gargoyle closely misses you.
You hit the gargoyle but do no damage.
The gargoyle is moderately damaged.
The gargoyle hits you with a +0 mace!
* * * LOW HITPOINT WARNING * * *
Unknown command.
Unknown command.
Unknown command.
You feel better. The gargoyle closely misses you.
Unknown command.
You closely miss the gargoyle.
The gargoyle is moderately damaged.
The gargoyle hits you with a +0 mace.
* * * LOW HITPOINT WARNING * * *
Unknown command.
Okay, then.
As you read the scroll of teleportation, it crumbles to dust.
You feel strangely unstable. The gargoyle hits you with a +0 mace!
You die...

#.#### #>#.. # #.#.#.# # ##
#.#.#.#.# .# #........
.####################....####
.......................#≈#≈≈≈
.####################..#≈≈≈≈
.# .......@95...##≈≈#≈# .#
############.#≈≈≈≈≈≈ .##
#.≈≈#≈≈≈≈ ..### #.≈#≈≈≈≈#
≈...# #..#≈≈#≈≈ .≈#.#
#..≈##≈≈# .#≈.# #....#≈##(
#≈..# #......... ≈...#
##......##


You could see a gargoyle and a white imp.

Vanquished Creatures
  Sigmund (D:2)
  Menkaure (D:5)
  A water moccasin (D:5)
  A black bear (D:5)
  A sky beast (D:6)
  An ice beast (D:3)
  5 ogres
  A scorpion (D:5)
  2 water moccasin skeletons
  A howler monkey (D:4)
  A hound (D:6)
  A bullfrog zombie (D:5)
  2 orc priests
  Crazy Yiuf (D:2)
  A bullfrog skeleton (D:5)
  4 jellies
  A centaur skeleton (D:6)
  2 iguanas
  2 orc wizards
  A scorpion zombie (D:5)
  A hound zombie (D:5)
  Robin (D:2)
  3 adders
  A white imp (D:5)
  2 worms (D:3)
  5 dart slugs
  21 orcs
  16 endoplasms
  3 giant cockroaches
  12 goblins
  7 hobgoblins
  7 jackals
  13 kobolds
  4 quokkas
  8 ball pythons
  4 bats
  7 frilled lizards
  2 quokka skeletons
  5 rats
153 creatures vanquished.

Vanquished Creatures (others)
  5 fungi (D:4)
  10 toadstools (D:4)
15 creatures vanquished.

Grand Total: 168 creatures vanquished

Notes
Turn   | Place    | Note
-------+----------+-------------------------------------------
     0 | D:1      | protoss039 the Gargoyle Gladiator began the quest for the
                  | Orb.
     0 | D:1      | Reached XP level 1. HP: 12/12 MP: 1/1
   337 | D:1      | Reached XP level 2. HP: 18/18 MP: 2/2
   775 | D:1      | Reached XP level 3. HP: 22/22 MP: 3/3
   828 | D:1      | Found Nexouront's Armour Emporium.
  1183 | D:2      | Noticed Robin
  1203 | D:2      | Killed Robin
  1536 | D:2      | Noticed Sigmund
  1651 | D:2      | Reached XP level 4. HP: 28/28 MP: 4/4
  1759 | D:2      | Reached skill level 1 in Armour
  1812 | D:2      | You fall into a shaft and drop 1 floor!
  2591 | D:3      | Noticed an ice beast
  2818 | D:2      | Killed Sigmund
  2819 | D:2      | Reached XP level 5. HP: 33/33 MP: 5/5
  2819 | D:2      | Reached XP level 6. HP: 38/38 MP: 6/6
  2922 | D:2      | Found a runed translucent door.
  2923 | D:2      | Noticed Crazy Yiuf
  3091 | D:2      | Killed Crazy Yiuf
  3283 | D:3      | Killed an ice beast
  3760 | D:4      | Found a white marble altar of Elyvilon.
  3923 | D:4      | Identified the +0 leather armour "Ypubisur" {+Inv rC+
                  | Regen+ Str-3}
  3933 | D:4      | Reached XP level 7. HP: 36/44 MP: 7/7
  4008 | D:4      | Reached skill level 5 in Fighting
  4008 | D:4      | Reached skill level 5 in Maces & Flails
  4043 | D:4      | Found a broken altar of Ashenzari.
  4829 | D:3      | Reached XP level 8. HP: 51/51 MP: 8/8
  4878 | D:4      | Found an iron altar of Okawaru.
  4888 | D:4      | Became a worshipper of Warmaster Okawaru
  5109 | D:5      | Entered Level 5 of the Dungeon
  5139 | D:5      | Reached skill level 1 in Invocations
  5247 | D:5      | Reached skill level 5 in Armour
  5330 | D:5      | Noticed Menkaure
  5341 | D:5      | Killed Menkaure
  5458 | D:5      | Found a blossoming altar of Fedhas.
  5634 | D:4      | Reached * piety under Okawaru
  6083 | D:5      | Reached XP level 9. HP: 35/56 MP: 12/12
  6429 | D:6      | Reached skill level 5 in Invocations
  6490 | D:6      | Noticed a gargoyle
  6515 | D:6      | Reached ** piety under Okawaru
  6534 | D:6      | Slain by a gargoyle

Illustrated notes

Levels and vault maps discovered:
D:1:      dpeg_arrival_simpleton_a, layout_loops_ring, serial_shops, shop
D:2:      layout_basic, uniq_robin, uniq_crazy_yiuf_cottage, uniq_sigmund
D:3:      layout_basic, skrybe_limestone_x, minmay_divided_ellipse
D:4:      cheibrodos_fertilizer, layout_basic, nicolae_ashenzari_skybound,
          okawaru_altar_gauntlet_db, mainiacjoe_overflow_catwalk
D:5:      layout_cave_pods, amcnicky_altar_gilded, uniq_menkaure
D:6:      layout_basic, nicolae_water_bricks, minivault_4

Skill      XL: |  1  2  3  4  5  6  7  8  9 |
---------------+----------------------------+-----
Throwing       | 2 |  2.1
Fighting       | 3 4 5 6 |  6.9
Armour         | 2 3 4 5 6 |  6.1
Dodging        | 3 |  3.0
Maces & Flails | 4 5 6 |  6.7
Invocations    | 4 5 |  5.0

Action                   |  1- 3 |  4- 6 |  7- 9 || total
-------------------------+-------+-------+-------++-------
Melee: Flail             |    88 |       |   248 ||   336
       Spear             |    26 |   156 |   144 ||   326
       Punch             |     1 |       |     6 ||     7
Throw: Throwing net      |       |     7 |       ||     7
Invok: Heroism           |       |       |     1 ||     1
  Use: Scroll            |       |     4 |     5 ||     9
       Potion            |       |       |     6 ||     6
 Stab: Held in net/web   |       |     3 |       ||     3
       Sleeping          |       |     1 |     2 ||     3
       Distracted        |       |       |     1 ||     1
Armor: Leather armour    |    54 |    44 |   229 ||   327
Dodge: Dodged            |    72 |    64 |   312 ||   448
